 Dungeon Crawl Stone Soup version 0.27-a0-972-gd1521fd518 (webtiles) character file.

Game seed: 12516117781028713218

56 leviel the Covered (level 3, 0/33 HPs)
             Began as a Minotaur Fighter on Apr 13, 2021.
             Slain by Robin
             ... wielding a +7 club
              (7 damage)
             ... on level 2 of the Dungeon.
             The game lasted 00:03:35 (1451 turns).

leviel the Covered (Minotaur Fighter)               Turns: 1451, Time: 00:03:35

Health: 0/33       AC:  7    Str: 20    XL:     3   Next: 71%
Magic:  2/2        EV:  7    Int:  5    God:
Gold:   36         SH:  9    Dex: 10    Spells: 2/2 levels left

rFire    . . .     SeeInvis .   a - +0 war axe
rCold    . . .     Faith    .   c - +0 kite shield
rNeg     . . .     Spirit   .   b - +0 scale mail
rPois    +         Reflect  .   (helmet restricted)
rElec    .         Harm     .   (no cloak)
rCorr    .         Rampage  .   (no gloves)
Will     .....                  (no boots)
Stlth    ..........             (no amulet)
HPRegen  0.11/turn              e - ring of poison resistance
MPRegen  0.08/turn              (no ring)

@: mighty
A: horns 2, retaliatory headbutt
a: no special abilities


You were on level 2 of the Dungeon.
You visited 1 branch of the dungeon, and saw 2 of its levels.

You collected 36 gold pieces.

Inventory:

Hand Weapons
 a - a +0 war axe (weapon)
Armour
 b - a +0 scale mail (worn)
 c - a +0 kite shield (worn)
Jewellery
 e - a ring of poison resistance (left hand)
Potions
 f - a potion of lignification {unknown}


   Skills:
 + Level 4.0 Fighting
 + Level 3.2 Axes
 + Level 4.3 Armour
 + Level 0.5 Dodging
 + Level 4.2 Shields


You had 2 spell levels left.
You didn't know any spells.
Your spell library was empty.

Dungeon Overview and Level Annotations

Branches:
Dungeon (2/15)

Altars:

Annotations:
D:2 Robin


Innate Abilities, Weirdness & Mutations

You have a pair of horns on your head.
You reflexively headbutt those who attack you in melee.


Message History

The jackal bites you but does no damage.
The hobgoblin hits you.
* * * LOW HITPOINT WARNING * * *
The jackal bites you but does no damage.
You block the hobgoblin's attack.
Things that are here:
a +0 club; a goblin corpse The hobgoblin hits you.
* * * LOW HITPOINT WARNING * * *
The jackal closely misses you.
You hit the jackal but do no damage. The jackal barely misses you.
You block the jackal's attack.
Your shield prevents you from hitting the jackal.
The hobgoblin no longer looks unusually strong.
The jackal bites you but does no damage.
Robin roars a battlecry!
The hobgoblin goes into a battle-frenzy!
You block the jackal's attack.
You barely miss the jackal. Your headbutt misses the jackal.
The jackal closely misses you.
The jackal bites you but does no damage.
You barely miss the jackal.
The hobgoblin no longer looks unusually strong.
The jackal bites you.
* * * LOW HITPOINT WARNING * * *
The jackal bites you but does no damage.
You slash the jackal!
You kill the jackal!
Robin roars a battlecry!
The hobgoblin goes into a battle-frenzy!
You block the hobgoblin's attack.
You hit the hobgoblin.
The hobgoblin is almost dead.
You block the hobgoblin's attack.
You feel very mighty all of a sudden. You block the hobgoblin's attack.
You slice the hobgoblin!!
You kill the hobgoblin!
Robin hits you with a +7 club!
You die...

######## #..<...#
#......# #......#
#..##### ##@#
######## ##g#
##......##
#Sg###........##
#.###..........# #†#
#..........# #.#
#..........# ##.#
#..........#
#..###.)........#
####...†..........##


You could see Robin, a hobgoblin (strong) and a ball python.

Vanquished Creatures
  4 bats
  5 endoplasms (D:1)
  A giant cockroach (D:2)
  12 goblins
  5 hobgoblins
  6 jackals
  2 quokkas (D:1)
  5 ball pythons (D:1)
  A frilled lizard (D:1)
  4 kobolds (D:1)
  4 rats (D:1)
49 creatures vanquished.

Notes
Turn   | Place    | Note
-------+----------+-------------------------------------------
     0 | D:1      | leviel the Minotaur Fighter began the quest for the Orb.
     0 | D:1      | Reached XP level 1. HP: 19/19 MP: 0/0
   265 | D:1      | Reached XP level 2. HP: 27/27 MP: 1/1
   423 | D:1      | Found a faded altar of an unknown god.
   915 | D:1      | Reached XP level 3. HP: 23/33 MP: 2/2
  1407 | D:2      | Noticed Robin
  1451 | D:2      | Slain by Robin

Illustrated notes

Levels and vault maps discovered:
D:1:      ncdulo_halloftheorcs, layout_loops_corners, basic_ecumenical_altar
D:2:      layout_rooms, chequers_serial_rivers_micro_d, uniq_robin,
          uniq_crazy_yiuf_cottage, uniq_sigmund

Skill      XL: |  1  2  3 |
---------------+----------+-----
Armour         | 4 |  4.3
Shields        | 4 |  4.2
Axes           | 3 |  3.2
Fighting       | 4 |  4.0
Dodging        | |  0.5

Action                   || total
-------------------------++-------
Melee: War axe           ||   110
       Headbutt          ||    17
  Use: Scroll            ||     1
       Potion            ||     1
Armor: Scale mail        ||    57
Dodge: Dodged            ||    38
Block: Kite shield       ||    73

Table legend: (Time is in decaauts)
 A = Elapsed time spent in this place.
 B = Non-inter-level travel time spent in this place.
 C = Inter-level travel time spent in this place.
 D = Time resting spent in this place.
 E = Time spent auto-exploring this place.
 F = Levels seen in this place.
 G = Mean time per level.
                   A        B        C        D        E       F      G
               +--------+--------+--------+--------+--------+-----+--------+
         Total |   1514 |   1492 |     22 |      0 |   1217 |   2 |  757.0 |
       Dungeon |   1514 |   1492 |     22 |      0 |   1217 |   2 |  757.0 |
               +--------+--------+--------+--------+--------+-----+--------+

Top non-repeatable levels by time:
     D:1: 1416 daAuts
     D:2: 98 daAuts
